 Dungeon Crawl Stone Soup version 0.23.0 (webtiles) character file.

Game seed: 3547150909092619340

11067 Folque the Thaumaturge (level 11, -4/81 HPs)
             Began as a Black Draconian Earth Elementalist on Feb 8, 2019.
             Was a High Priest of Sif Muna.
             Slain by a hornet (10 damage)
             ... on level 10 of the Dungeon.
             The game lasted 00:51:44 (10362 turns).

Folque the Thaumaturge (DrEE)                      Turns: 10362, Time: 00:51:45

Health: -4/81      AC: 10    Str: 11    XL:     11   Next: 44%
Magic:  21/48      EV: 13    Int: 19    God:    Sif Muna [*****.]
Gold:   358        SH:  0    Dex: 11    Spells: 3/28 levels left

rFire    . . .     SeeInvis .   V - staff of power
rCold    . . .     Gourm    .   (no shield)
rNeg     . . .     Faith    .   (armour unavailable)
rPois    .         Spirit   .   (helmet restricted)
rElec    +         Reflect  .   i - +0 cloak
rCorr    .         Harm     .   D - +1 pair of gloves
MR       .....     Clarity  +   (no boots)
Stlth    ++........             (no amulet)
HPRegen  0.23/turn              p - ring of wizardry
MPRegen  0.31/turn              J - ring of magical power

@: lethally poisoned (-4 -> -6), barbed spikes, very slightly contaminated,
slowed, divine energy, very slow
A: breathe lightning, unfitting armour, clarity, electricity resistance, wild
magic 1, evolution 1, cold-blooded, AC +7
a: Breathe Lightning, Stop Divine Energy, Channel Magic, Forget Spell, Renounce
Religion


You were on level 10 of the Dungeon.
You worshipped Sif Muna.
Sif Muna was extremely pleased with you.
You were not hungry.

You visited 2 branches of the dungeon, and saw 12 of its levels.

You collected 640 gold pieces.
You spent 282 gold pieces at shops.

Inventory:

Hand Weapons
 f - a +2 dagger of venom
 g - a +0 dagger
 h - a +2 short sword of draining
Missiles
 b - 365 stones (quivered)
 L - 5 throwing nets
Armour
 i - a +0 cloak (worn)
 v - a +0 shield
 D - a +1 pair of gloves (worn)
Magical Staves
 V - an uncursed staff of power (weapon)
Jewellery
 p - a ring of wizardry (left hand)
 u - a +3 ring of protection {unknown}
 z - an uncursed ring of flight {unknown}
 J - a ring of magical power (right hand)
 R - an uncursed ring of ice {unknown}
Wands
 n - a wand of iceblast (17)
 I - a wand of enslavement (8)
 M - a wand of flame (62)
 N - a wand of disintegration (11)
 P - a wand of random effects (13)
 T - a wand of digging (5)
Scrolls
 a - 4 scrolls of remove curse {unknown}
 j - 3 scrolls of blinking {unknown}
 k - a scroll of immolation {unknown}
 s - 4 scrolls of amnesia {unknown}
 t - 4 scrolls of fog {unknown}
 w - 4 scrolls of noise {unknown}
 x - 7 scrolls of identify
 y - 2 scrolls of enchant weapon {unknown}
 A - 2 scrolls of enchant armour {unknown}
 C - 2 scrolls of random uselessness {unknown}
 F - 2 scrolls of magic mapping {unknown}
 H - 4 scrolls of teleportation
 O - a scroll of brand weapon {unknown}
Potions
 d - 3 potions of degeneration {unknown}
 e - 4 potions of lignification
 l - 5 potions of brilliance {unknown}
 m - a potion of mutation
 o - 2 potions of magic
 q - 4 potions of heal wounds {unknown}
 r - 4 potions of might {unknown}
 B - a potion of haste {unknown}
 E - a potion of invisibility {unknown}
 G - 3 potions of ambrosia {unknown}
 Q - 2 potions of agility {unknown}
 S - a potion of flight {unknown}
Comestibles
 c - 22 rations
 U - 7 chunks of flesh


   Skills:
 + Level 2.7 Fighting
 - Level 5.0 Short Blades
 * Level 2.8 Dodging
 - Level 4.2 Stealth
 + Level 9.4 Spellcasting
 - Level 6.0 Conjurations
 - Level 3.1 Summonings
 - Level 1.0 Transmutations
 - Level 4.0 Fire Magic
 - Level 5.0 Air Magic
 - Level 7.1 Earth Magic
 - Level 2.2 Poison Magic
 - Level 5.0 Invocations


You had 3 spell levels left.
You knew the following spells:

 Your Spells              Type           Power        Failure   Level  Hunger
a - Sandblast             Erth           #####.       1%          1    None
b - Passwall              Tmut/Erth      ####....     1%          2    None
c - Stone Arrow           Conj/Erth      #####.       1%          3    None
d - Lee's Rapid Deconstr  Erth           #####.....   7%          5    #####..
e - Petrify               Tmut/Erth      ####....     9%          4    ###....
f - Mephitic Cloud        Conj/Pois/Air  ####....     2%          3    None
g - Conjure Flame         Conj/Fire      #####...     2%          3    None
h - Summon Lightning Spi  Summ/Air       ####....     9%          4    ###....

Your spell library contained the following spells:

 Spells                   Type           Power        Failure   Level  Hunger
 Flame Tongue             Conj/Fire      #####        1%          1    None
 Magic Dart               Conj           ####         1%          1    None
 Summon Small Mammal      Summ           ####         1%          1    None
 Throw Flame              Conj/Fire      #####.       1%          2    None
 Call Imp                 Summ           ####....     2%          2    None
 Call Canine Familiar     Summ           ####....     4%          3    None
 Inner Flame              Hex/Fire       ###.....     6%          3    None
 Blink                    Tloc           N/A          7%          2    None
 Slow                     Hex            ##......     7%          2    None
 Summon Guardian Golem    Hex/Summ       ###.....     7%          3    None
 Sticky Flame             Conj/Fire      #####...     6%          4    ###....
 Fireball                 Conj/Fire      #####.....   16%         5    #####..
 Summon Ice Beast         Ice/Summ       ###.....     21%         4    ###....
 Animate Dead             Necr           N/A          36%         4    ###....
 Necromutation            Tmut/Necr      ##........   100%        8    #######


Dungeon Overview and Level Annotations

Branches:
Dungeon (11/15)            Temple (1/1) D:4             Orc (0/2) D:10
   Lair: D:8-11

Altars:
Ashenzari
Cheibriados
Dithmenos
Elyvilon
Fedhas
Hepliaklqana
Kikubaaqudgha
Makhleb
Nemelex Xobeh
Okawaru
Qazlal
Ru
Sif Muna
Trog
Uskayaw
Vehumet
Wu Jian
Xom
Yredelemnul
Zin
The Shining One

Shops:
D:4 :[}*?   D:5 *   D:7 =


Innate Abilities, Weirdness & Mutations

You can breathe wild blasts of lightning.
Your glossy black scales are hard. (AC +7)
You cannot fit into any form of body armour.
You are resistant to electric shocks. (rElec)
You are cold-blooded and may be slowed by cold attacks.
You possess an exceptional clarity of mind.
Your spells are a little harder to cast, but a little more powerful.
You evolve.


Message History

The hornet stings you!
* * * LOW HITPOINT WARNING * * *
You feel as though you will be slow longer.
You can move again.
You feel better.
The hornet stings you but does no damage.
The hornet stings you!
* * * LOW HITPOINT WARNING * * *
You are poisoned.
You shrug off the repeated paralysis!
It was a potion of magic.
Magic courses through your body.
You feel sick. The hornet closely misses you. x2
Casting: Petrify (safe; 9% risk of failure)
Confirm with . or Enter, or press ? or * to list all spells.
Aiming: Petrify (safe; 9% risk of failure)
Press: ? - help, Shift-Dir - straight line, f - hornet
Aim: a hornet (chance to defeat MR: 50%)
The hornet is moving more slowly.
You feel sick. The hornet closely misses you. The hornet stings you!
You die...

##.............#############...
##...#..........# ##..
#..###.....<....# ##.. ####
#..........# #... #..........#
##... #..........# ##### ##....
#..........###...## ##..#..
##########.##.....###......
#@........#...###.
##y.......#..## #.
##..........# #. ##.....##.##
#. #.......#.# ## #......)..#
######## #.......########
#......##########).............
#...............(......########


You could see a hornet (petrifying).

Vanquished Creatures
  Gastronok (D:10)
  Josephine (D:10)
  Harold (D:7)
  Sonja (D:10)
  A centaur skeleton (D:10)
  2 trolls (D:10)
  A hippogriff (D:10)
  5 wraiths
  A wyvern (D:8)
  Eustachio (D:5)
  Grum (D:8)
  2 wargs (D:11)
  5 orc warriors
  An eye of draining (D:10)
  4 sky beasts
  3 wolves (D:8)
  A phantom (D:9)
  11 ogres
  3 centaurs
  2 big kobolds (D:10)
  A gnoll sergeant (D:10)
  5 bullfrogs
  4 scorpions
  6 killer bees
  11 wights
  2 jellies
  2 howler monkeys (D:9)
  4 crimson imps
  A bullfrog zombie (D:6)
  3 orc priests
  A gnoll shaman (D:4)
  6 hounds
  8 orc wizards
  An iguana (D:6)
  9 worker ants
  A hound skeleton (D:4)
  3 worker ant zombies
  10 gnolls
  6 adders
  A shadow imp (D:6)
  A white imp (D:7)
  An ooze (D:2)
  An adder zombie (D:5)
  2 adder skeletons
  4 worms
  4 dart slugs
  5 leopard geckos
  25 orcs
  5 giant cockroaches
  5 goblins
  15 hobgoblins
  8 jackals
  4 quokkas
  6 bats
  6 frilled lizards
  A jackal skeleton (D:2)
  10 kobolds
  2 leopard gecko skeletons
  A leopard gecko zombie (D:6)
  6 rats
245 creatures vanquished.

Vanquished Creatures (collateral kills)
  A warg (D:11)
  An orc warrior (D:10)
  2 big kobolds
  A gnoll (D:10)
5 creatures vanquished.

Grand Total: 250 creatures vanquished

Notes
Turn   | Place    | Note
-------+----------+-------------------------------------------
     0 | D:1      | Folque the Draconian Earth Elementalist began the quest for
                  | the Orb.
     0 | D:1      | Reached XP level 1. HP: 14/14 MP: 3/3
   168 | D:1      | Reached skill level 1 in Fighting
   194 | D:1      | Reached XP level 2. HP: 23/23 MP: 5/5
   732 | D:2      | Reached XP level 3. HP: 29/29 MP: 6/6
   846 | D:2      | Learned a level 2 spell: Passwall
   850 | D:2      | Learned a level 3 spell: Stone Arrow
  1126 | D:2      | Reached skill level 3 in Spellcasting
  1193 | D:2      | Reached XP level 4. HP: 36/36 MP: 8/8
  2115 | D:4      | Found Imohud's Assorted Antiques.
  2133 | D:4      | Found a snail-covered altar of Cheibriados.
  2140 | D:4      | Found Ubol's Gadget Emporium.
  2173 | D:4      | Reached skill level 1 in Conjurations
  2175 | D:4      | Reached XP level 5. HP: 41/41 MP: 2/10
  2509 | D:4      | Learned a level 5 spell: Lee's Rapid Deconstruction
  2566 | D:4      | Found Jyshromec's Magic Scroll Boutique.
  2599 | D:4      | Bought a scroll of teleportation for 42 gold pieces
  2626 | D:4      | Found an iron altar of Okawaru.
  2822 | D:4      | Reached skill level 4 in Spellcasting
  2835 | D:4      | Found Tioc Quira's Armour Emporium.
  2852 | D:4      | Found a staircase to the Ecumenical Temple.
  2858 | Temple   | Entered the Ecumenical Temple
  2905 | Temple   | Became a worshipper of Sif Muna the Loreminder
  2955 | D:4      | Found Mutyguno's Book Emporium.
  3155 | D:5      | Entered Level 5 of the Dungeon
  3168 | D:5      | Reached XP level 6. HP: 48/48 MP: 0/12
  3456 | D:5      | Noticed a sky beast
  3462 | D:5      | Reached skill level 5 in Spellcasting
  3474 | D:5      | Killed a sky beast
  3474 | D:5      | Reached skill level 5 in Earth Magic
  3474 | D:5      | Your scales start taking on a glossy black colour.
  3474 | D:5      | Reached XP level 7. HP: 50/55 MP: 1/15
  3474 | D:5      | Gained mutation: You are resistant to electric shocks.
                  | (rElec) [Black Draconian growth]
  3481 | D:5      | Learned a level 4 spell: Petrify
  3603 | D:5      | Found Qoodus's General Store.
  3646 | D:5      | Noticed Eustachio
  3656 | D:5      | Killed Eustachio
  3656 | D:5      | Reached * piety under Sif Muna
  3729 | D:5      | Found a radiant altar of Vehumet.
  3731 | D:5      | Found a hazy altar of Hepliaklqana.
  3735 | D:5      | Found an ancient bone altar of Kikubaaqudgha.
  3859 | D:6      | Reached skill level 6 in Spellcasting
  3924 | D:6      | Reached XP level 8. HP: 28/61 MP: 0/18
  3977 | D:5      | Gained mutation: You have large cloven feet. [potion of
                  | mutation]
  3977 | D:5      | Gained mutation: You have hoof-like feet. [potion of
                  | mutation]
  3978 | D:5      | Lost mutation: You have hoof-like feet. [potion of
                  | mutation]
  3978 | D:5      | Lost mutation: You have large cloven feet. [potion of
                  | mutation]
  3978 | D:5      | Gained mutation: You possess an exceptional clarity of
                  | mind. [potion of mutation]
  3978 | D:5      | Gained mutation: You are weak. (Str -2) [potion of
                  | mutation]
  3978 | D:5      | Gained mutation: Your spells are a little harder to cast,
                  | but a little more powerful. [potion of mutation]
  3978 | D:5      | Gained mutation: You evolve. [potion of mutation]
  4168 | D:6      | Reached skill level 7 in Spellcasting
  4168 | D:6      | Reached skill level 5 in Earth Magic
  4173 | D:6      | Learned a level 3 spell: Mephitic Cloud
  4177 | D:6      | Learned a level 3 spell: Conjure Flame
  4304 | D:6      | Reached skill level 1 in Air Magic
  4320 | D:6      | Reached skill level 1 in Fire Magic
  4326 | D:6      | Reached ** piety under Sif Muna
  4675 | D:6      | Reached skill level 1 in Poison Magic
  5107 | D:6      | Lost mutation: You are weak. (Str -2) [evolution]
  5197 | D:6      | HP: 3/61 [wight/+3 halberd (7)]
  5225 | D:5      | HP: 3/61 [wight/+0 mace (2)]
  5809 | D:7      | Reached XP level 9. HP: 67/67 MP: 3/19
  5953 | D:7      | Found a shadowy altar of Dithmenos.
  6089 | D:7      | Reached skill level 1 in Short Blades
  6232 | D:7      | Found Beaq's Jewellery Shop.
  6258 | D:7      | Bought an uncursed ring of magical power for 240 gold
                  | pieces
  6349 | D:7      | Noticed Harold
  6382 | D:7      | Killed Harold
  6382 | D:7      | Reached *** piety under Sif Muna
  6382 | D:7      | Reached skill level 5 in Conjurations
  7182 | D:8      | Noticed Grum
  7214 | D:8      | Killed Grum
  7567 | D:10     | Entered Level 10 of the Dungeon
  7603 | D:10     | Noticed Josephine
  7609 | D:9      | Reached XP level 10. HP: 63/73 MP: 18/20
  7810 | D:9      | Reached **** piety under Sif Muna
  7862 | D:9      | Reached skill level 5 in Short Blades
  8161 | D:9      | You fall through a shaft!
  8172 | D:10     | Killed Josephine
  8172 | D:10     | Reached skill level 8 in Spellcasting
  8188 | D:9      | Learned a level 4 spell: Summon Lightning Spire
  8416 | D:10     | Reached skill level 1 in Summonings
  8699 | D:10     | Reached skill level 1 in Invocations
  8798 | D:10     | Found a staircase to the Orcish Mines.
  9099 | D:10     | Noticed Sonja
  9109 | D:10     | Killed Sonja
  9109 | D:10     | Reached ***** piety under Sif Muna
  9109 | D:10     | Reached skill level 9 in Spellcasting
  9109 | D:10     | Reached skill level 5 in Air Magic
  9109 | D:10     | Reached XP level 11. HP: 73/79 MP: 13/24
  9138 | D:10     | Noticed Gastronok
  9155 | D:10     | Identified Sif Muna's Catalogue of Igneous Evil Secrets
                  | (Sif Muna gifted it to you on level 10 of the Dungeon)
  9155 | D:10     | Received a gift from Sif Muna
  9184 | D:10     | Killed Gastronok
  9184 | D:10     | Reached skill level 5 in Invocations
 10357 | D:10     | Paralysed by a hornet for 3 turns
 10362 | D:10     | Slain by a hornet

Skill      XL: |  1  2  3  4  5  6  7  8  9 10 11 |
---------------+----------------------------------+-----
Fighting       | 1 2 |  2.7
Spellcasting   | 3 4 5 6 7 9 |  9.4
Conjurations   | 1 2 4 6 |  6.0
Earth Magic    | 4 4 5 7 |  7.1
Air Magic      | 3 5 |  5.0
Fire Magic     | 2 4 |  4.0
Poison Magic   | 2 |  2.2
Short Blades   | 4 5 |  5.0
Stealth        | 2 4 |  4.2
Summonings     | 3 |  3.1
Invocations    | 3 5 |  5.0
Dodging        | 2 |  2.8
Transmutations | |  1.0

Action                   |  1- 3 |  4- 6 |  7- 9 | 10-12 || total
-------------------------+-------+-------+-------+-------++-------
Melee: Short sword       |    96 |     1 |       |       ||    97
       Dagger            |     5 |    57 |   188 |   106 ||   356
       Unarmed           |     2 |       |       |       ||     2
       Tailslap          |     2 |     7 |    26 |    15 ||    50
       Staff             |       |       |       |     4 ||     4
 Cast: Sandblast         |     9 |    15 |    13 |     5 ||    42
       Stone Arrow       |     1 |    20 |    45 |    50 ||   116
       Lee's Rapid Decon |       |     3 |    20 |    31 ||    54
       Petrify           |       |       |    25 |    22 ||    47
       Mephitic Cloud    |       |       |     7 |     4 ||    11
       Summon Lightning  |       |       |       |     7 ||     7
Invok: Divine Energy     |       |       |     1 |       ||     1
 Abil: Breathe Lightning |       |       |     7 |     7 ||    14
Evoke: Wand              |       |       |       |     4 ||     4
  Use: Scroll            |       |     2 |     1 |     1 ||     4
       Potion            |       |       |     6 |     5 ||    11
 Stab: Sleeping          |     3 |       |       |       ||     3
       Petrified         |       |       |    79 |    16 ||    95
       Confused          |       |       |     1 |     1 ||     2
       Petrifying        |       |       |       |     3 ||     3
  Eat: Chunk             |     1 |     9 |    14 |    13 ||    37
       Ration            |       |       |     4 |     2 ||     6
Armor: Skin              |    34 |    15 |   171 |    50 ||   270
Dodge: Dodged            |    63 |    30 |   127 |    99 ||   319
